 Dungeon Crawl Stone Soup version 0.30-a0-1008-g30c9307041 (webtiles) character file.

Game seed: 13695459302693834304

18 lessens the Conjurer (level 2, -2/19 HPs)
             Began as a Merfolk Conjurer on Apr 4, 2023.
             Slain by a worm (10 damage)
             ... on level 1 of the Dungeon on Apr 6, 2023.
             The game lasted 00:01:20 (1220 turns).

lessens the Conjurer (Merfolk Conjurer)             Turns: 1220, Time: 00:01:20

Health: -2/19      AC:  2    Str:  7    XL:     2   Next: 66%
Magic:  0/5        EV: 12    Int: 17    God:
Gold:   26         SH:  0    Dex: 12    Spells: 4/5 levels left

rFire   . . .      SeeInvis .    e - +0 spear
rCold   . . .      Faith    .    (no shield)
rNeg    . . .      Spirit   .    a - +0 robe
rPois   .          Reflect  .    (no helmet)
rElec   .          Rampage  .    (no cloak)
rCorr   .                        (no gloves)
Will    .....                    (no boots)
Stlth   ++                       (no amulet)
HPRegen 0.23/turn                (no ring)
MPRegen 0.09/turn                (no ring)

@: no status effects
A: (nimble swimmer 2), mertail
a: no special abilities


You were on level 1 of the Dungeon.
You visited 1 branch of the dungeon, and saw 2 of its levels.

You collected 26 gold pieces.

Inventory:

Hand Weapons
 e - a +0 spear (weapon)
Missiles
 h - a stone
Armour
 a - a +0 robe (worn)
 c - a +0 kite shield
Scrolls
 f - 2 scrolls of identify {unknown}
 g - 2 scrolls of teleportation {unknown}
 j - a scroll of fog {unknown}
 k - a scroll of blinking {unknown}
Potions
 b - a potion of magic
 d - 2 potions of heal wounds {unknown}
 i - a potion of curing {unknown}


   Skills:
 + Level 1.8 Polearms
 + Level 1.0 Ranged Weapons
 - Level 2.7 Dodging
 - Level 2.2 Stealth
 - Level 2.0 Spellcasting
 - Level 3.2 Conjurations


You had 4 spell levels left.
You knew the following spells:

 Your Spells              Type           Power      Damage    Failure   Level
a - Magic Dart            Conj           48%        1d5       4%          1

Your spell library contained the following spells:

 Spells                   Type           Power      Damage    Failure   Level
 Searing Ray              Conj           24%        2d5       8%          2
 Dazzling Flash           Conj/Hex       14%        N/A       30%         3
 Fulminant Prism          Conj/Hex       3%         3d5       69%         4
 Iskenderun's Mystic Bla  Conj/Tloc      7%         2d4       69%         4


Dungeon Overview and Level Annotations

Branches:
Dungeon (2/15) Zot: 10780

Altars:


Innate Abilities, Weirdness & Mutations

((You are very nimble when in or above water. (Stealth+, EV+, Speed+++)))
Your lower body shifts to a powerful aquatic tail in water.


Message History

You climb downwards.
Found three items.
There is a stone staircase leading up here.
A worm is nearby!
The helpless worm fails to defend itself.
You hit the worm.
The worm is moderately wounded.
The worm misses you.
You climb upwards.
There is a stone staircase leading down here.
Aiming: Magic Dart (safe; 4% risk of failure)
Press: ? - help, Q - select action, (/) - cycle Shift-Dir - straight line, f - worm
Aim: a worm (moderately wounded, 100% to hit)
The magic dart hits the worm.
The worm is heavily wounded.
Aiming: Magic Dart (safe; 4% risk of failure)
Press: ? - help, Q - select action, (/) - cycle Shift-Dir - straight line, f/p - worm
Aim: a worm (heavily wounded, 100% to hit)
The magic dart hits the worm.
The worm is severely wounded.
The worm bites you!
Aiming: Magic Dart (safe; 4% risk of failure)
Press: ? - help, Q - select action, (/) - cycle Shift-Dir - straight line, f/p - worm
Aim: a worm (heavily wounded, 100% to hit)
The magic dart hits the worm.
The worm is severely wounded.
The worm bites you.
Aiming: Magic Dart (safe; 4% risk of failure)
Press: ? - help, Q - select action, (/) - cycle Shift-Dir - straight line, f/p - worm
Aim: a worm (severely wounded, 100% to hit)
The magic dart hits the worm but does no damage.
The worm is severely wounded.
Aiming: Magic Dart (safe; 4% risk of failure)
Press: ? - help, Q - select action, (/) - cycle Shift-Dir - straight line, f/p - worm
Aim: a worm (severely wounded, 100% to hit)
The magic dart hits the worm.
The worm is almost dead.
The worm bites you!
Ouch! That really hurt!
You die...

##.# #.......#
#.## #.......#
.## ####.####
## #.......#
#########
#.♣.♣##.#
.##.....#
#.#..##>#
..#...).#
#.♣.♣##.#
........#
#.#..##.#
..#.....#
#.♣.♣.@w#
..#...†.#
###..####
#.####### #.##
...# #.# #..#
#.# #..# #.#
#..# #.# ...###
#.#
.....########.#


You could see a worm.

Vanquished Creatures
  A dart slug (D:1)
  A bat (D:1)
  2 endoplasms (D:1)
  A hobgoblin (D:1)
  2 kobolds (D:1)
  A quokka (D:1)
  A ball python (D:1)
  3 frilled lizards (D:1)
  2 goblins (D:1)
  A rat (D:1)
15 creatures vanquished.

Vanquished Creatures (others)
  A fungus (D:1)
1 creature vanquished.

Grand Total: 16 creatures vanquished

Notes
Turn   | Place    | Note
-------+----------+-------------------------------------------
     0 | D:1      | lessens the Merfolk Conjurer began the quest for the Orb.
     0 | D:1      | Reached XP level 1. HP: 13/13 MP: 3/3
    74 | D:1      | Upgraded the game from 0.30-a0-996-ga6910c8ee8 to
                  | 0.30-a0-1008-g30c9307041
   178 | D:1      | Found a faded altar of an unknown god.
   363 | D:1      | Reached skill level 1 in Polearms
   386 | D:1      | Reached XP level 2. HP: 19/19 MP: 3/5
   844 | D:1      | Reached skill level 1 in Ranged Weapons
  1220 | D:1      | Slain by a worm

Illustrated notes

Levels and vault maps discovered:
D:1:      heliophobic_arrival_battle_scene, layout_loops_cross, serial_forest,
          infiniplex_forest_end_3, infiniplex_forest_lined_1,
          infiniplex_forest_clump_medium, infiniplex_forest_pool,
          infiniplex_forest_end_1, shapermc_ecumenical_altar_mp_urbaneastern
D:2:      layout_loops_corners, basic_altar, minmay_crystal_room,
          minmay_shallow_snake_nest

Skill      XL: |  1  2 |
---------------+-------+-----
Polearms       | 1 |  1.8
Ranged Weapons | 1 |  1.0
Dodging        | |  2.7
Stealth        | |  2.2
Spellcasting   | |  2.0
Conjurations   | |  3.2

Action                     || total
---------------------------++-------
  Melee: Spear             ||     3
   Cast: Magic Dart        ||    31
   Stab: Sleeping          ||     1
 Armour: Robe              ||     1
  Dodge: Dodged            ||     1

Table legend: (Time is in decaauts)
 A = Elapsed time spent in this place.
 B = Non-inter-level travel time spent in this place.
 C = Inter-level travel time spent in this place.
 D = Time resting spent in this place.
 E = Time spent auto-exploring this place.
 F = Levels seen in this place.
 G = Mean time per level.
                   A        B        C        D        E       F      G
               +--------+--------+--------+--------+--------+-----+--------+
         Total |   1218 |   1182 |     36 |      0 |   1074 |   2 |  609.0 |
       Dungeon |   1218 |   1182 |     36 |      0 |   1074 |   2 |  609.0 |
               +--------+--------+--------+--------+--------+-----+--------+

Top non-repeatable levels by time:
     D:1: 1216 daAuts
     D:2: 2 daAuts
